 Dungeon Crawl Stone Soup version 0.26-a0-1132-ge9770dfcb6 (webtiles) character file.

Game seed: 16298589973598656212

28579 Dracia the Grappler (level 13, -6/127 HPs)
             Began as a Troll Monk on Dec 20, 2020.
             Mangled by a boulder beetle (24 damage)
             ... on level 5 of the Lair of Beasts.
             The game lasted 00:25:39 (12571 turns).

Dracia the Grappler (Troll Monk)                   Turns: 12571, Time: 00:25:39

Health: -6/127     AC: 12    Str: 22    XL:     13   Next: 10%
Magic:  12/12      EV: 14    Int: 12    God:
Gold:   467        SH:  5    Dex: 16    Spells: 12/12 levels left

rFire    . . .     SeeInvis .     - Unarmed
rCold    . . .     Faith    .   (no shield)
rNeg     . . .     Spirit   .   n - +0 acid dragon scales (curse)
rPois    .         Reflect  +   (helmet restricted)
rElec    .         Harm     .   t - +1 cloak
rCorr    +         Rampage  .   (gloves unavailable)
Will     +....     Clarity  +   (boots unavailable)
Stlth    +.........             F - amulet of reflection
HPRegen  0.71/turn              Z - ring of wizardry
MPRegen  0.13/turn              I - +6 ring of intelligence

@: no status effects
A: large, unfitting armour, claws 3, clarity, strong-willed 1, regeneration 1,
shaggy fur 1, tough skin 3, MP-powered wands
a: no special abilities


You were on level 5 of the Lair of Beasts.
You visited 2 branches of the dungeon, and saw 16 of its levels.

You collected 737 gold pieces.
You spent 270 gold pieces at shops.


Innate Abilities, Weirdness & Mutations

You are too large for most types of armour.
You have claws for hands.
Your natural rate of healing is unusually fast.
You are covered in fur. (AC +1)
You have extremely tough skin. (AC +3)
You possess an exceptional clarity of mind.
You are strong-willed. (Will+)
You expend magic power (3 MP) to strengthen your wands.


   Skills:
 + Level 8.2 Fighting
 + Level 1.1 Armour
 - Level 8.1 Dodging
 - Level 1.0 Stealth
 * Level 13.1 Unarmed Combat
 - Level 10.0 Evocations


You had 12 spell levels left.
You didn't know any spells.
Your spell library contained the following spells:

 Spells                   Type           Power        Failure   Level
 Animate Skeleton         Necr           0%           16%         1
 Apportation              Tloc           0%           16%         1
 Corona                   Hex            0%           16%         1
 Sandblast                Erth           0%           16%         1
 Summon Small Mammal      Summ           0%           16%         1
 Call Imp                 Summ           0%           26%         2
 Passwall                 Tmut/Erth      0%           26%         2
 Call Canine Familiar     Summ           0%           43%         3
 Stone Arrow              Conj/Erth      0%           43%         3
 Summon Guardian Golem    Hex/Summ       0%           43%         3
 Petrify                  Tmut/Erth      0%           82%         4
 Summon Ice Beast         Ice/Summ       0%           82%         4
 Summon Lightning Spire   Summ/Air       0%           82%         4
 Lee's Rapid Deconstruct  Erth           0%           98%         5

Inventory:

Missiles
 c - 105 poisoned darts (quivered)
 q - 3 curare-tipped darts {=f=f}
 H - a throwing net {=f=f}
Armour
 a - a +0 robe
 h - a +2 robe of willpower
 n - cursed +0 acid dragon scales (worn)
 t - a +1 cloak (worn)
 C - a +0 troll leather armour
Magical Staves
 J - an uncursed staff of fire {!a!a, unknown}
 M - an uncursed staff of fire {!a!a, unknown}
 N - an uncursed staff of poison {!a!a, unknown}
Jewellery
 A - an uncursed amulet of the acrobat
 D - a +6 ring of dexterity
 F - an amulet of reflection (around neck)
 I - a +6 ring of intelligence (right claw)
 Z - a ring of wizardry (left claw)
Wands
 k - a wand of polymorph (23)
 m - a wand of flame (17)
 s - a wand of paralysis (5)
 w - a wand of iceblast (16)
 y - a wand of digging (6)
 z - a wand of enslavement (6)
Scrolls
 b - a scroll of amnesia
 d - a scroll of magic mapping
 e - 2 scrolls of noise
 j - 9 scrolls of identify {@r1@r1}
 p - 6 scrolls of enchant weapon
 r - 3 scrolls of teleportation {@r4@r4}
 u - a scroll of fear
 v - 9 scrolls of remove curse {@r2@r2}
 G - 2 scrolls of blinking
 L - 2 scrolls of vulnerability {unknown}
Potions
 f - a potion of cancellation
 g - a potion of invisibility
 i - a potion of degeneration
 l - 2 potions of flight
 o - 2 potions of heal wounds {@q2@q2}
 x - a potion of might
 B - a potion of curing {@q1@q1}
 K - a potion of lignification {unknown}
Miscellaneous
 E - a lightning rod (2/4)

Dungeon Overview and Level Annotations

Branches:
Dungeon (10/15)            Temple (0/1) D:7            Lair (6/6) D:10
 Spider (0/4) Lair:2          Orc (0/2) D:10
  Swamp: Lair:2-4    Shoals: Lair:2-4     Slime: Lair:5-6

Altars:
Elyvilon
Gozag
Hepliaklqana
Kikubaaqudgha
Makhleb
Nemelex Xobeh
Qazlal
Sif Muna
Uskayaw
Vehumet
The Shining One

Shops:
D:6 *   D:9 [

Annotations:
D:3 3 runed translucent doors, emiel's ghost, amateur HuBe
Lair:2 exclusion: 2 oklob plants

,,,,,,,....* *,$,,,...,,,,,,,,,,,
,,,,,,,....##*,.,,...,,,,,,,,,,,,
**,***,......##○,,..,,**,,,,,,,,*
**** *,........#*#.**,,,,,,,,,^,,
**........##.#***,,,,,,,,,,,
*,#.....>..#.# *##.,,,,,,,,,
**..........####...,,,,,,,,,
*###P...>....#....,,,,,,,,,
###....@.#......,,,,,,,,
#......B.......,,,,,,,,
#...........<.*,,,,,,*,
##..........###*,,,,,*, *
###...#......#**,***** *****
#...#.....## *** ,,,,*****
*#.⌠.+......## ,,,,,**,**
#...#........####
*,,,,,,,,***#...#...........##


You could see a boulder beetle.


Message History

You claw the boulder beetle!
The boulder beetle is heavily wounded.
The boulder beetle bites you!
* * * LOW HITPOINT WARNING * * *
You scratch the boulder beetle but do no damage.
You claw the boulder beetle.
The boulder beetle is heavily wounded.
You scratch the boulder beetle but do no damage.
The boulder beetle is heavily wounded.
The boulder beetle leaps!
Unknown command.
A boulder beetle is nearby!
The boulder beetle curls into a ball and begins rolling!
The boulder beetle hits you!!!
* * * LOW HITPOINT WARNING * * *
The boulder beetle stops rolling and uncurls.
You hear a croak.
You hear a bellow!
You claw the boulder beetle!
The boulder beetle is severely wounded.
The boulder beetle barely misses you.
You scratch the boulder beetle.
The boulder beetle is severely wounded.
A bullfrog comes into view.
You barely miss the boulder beetle.
The boulder beetle is severely wounded.
The boulder beetle misses you.
You scratch the boulder beetle but do no damage.
The boulder beetle is severely wounded.
The boulder beetle bites you!!
You die...

Skill      XL: |  1  2  3  4  5  6  7  8  9 10 11 12 13 |
---------------+----------------------------------------+-----
Unarmed Combat | 4 5 6 7 8 10 12 13 | 13.1
Fighting       | 3 4 5 6 7 8 |  8.2
Dodging        | 3 4 5 6 7 8 |  8.1
Evocations     | 5 9 10 | 10.0
Armour         | 1 |  1.1
Stealth        | |  1.0

Action                   |  1- 3 |  4- 6 |  7- 9 | 10-12 | 13-15 || total
-------------------------+-------+-------+-------+-------+-------++-------
Melee: Unarmed           |    97 |   178 |   320 |   610 |    38 ||  1243
       Punch             |     1 |       |    10 |    50 |     3 ||    64
Evoke: Lightning rod     |       |       |       |     3 |     2 ||     5
       Wand              |       |       |       |     2 |       ||     2
  Use: Scroll            |       |       |    12 |     4 |       ||    16
       Potion            |       |       |     8 |     5 |     2 ||    15
 Stab: Sleeping          |     2 |    10 |     1 |       |       ||    13
       Distracted        |       |       |     1 |       |       ||     1
       Petrified         |       |       |       |     3 |       ||     3
       Invisible         |       |       |       |       |     5 ||     5
Armor: Robe              |    32 |    48 |   120 |       |       ||   200
       Acid dragon scale |       |       |    30 |   197 |     7 ||   234
Dodge: Dodged            |    56 |   125 |   308 |   416 |    20 ||   925
Block: Other             |       |       |       |    42 |     7 ||    49
       Reflection        |       |       |       |     1 |       ||     1

Levels and vault maps discovered:
D:1:      dpeg_arrival_prison, layout_loops_ring
D:2:      lemuel_upstairs_altar, layout_loops_corners
D:3:      layout_loops_cross, overflow_temple_1_default,
          nicolae_overflow_crystal_walls, gammafunk_ghost_split,
          grunt_ministairs_12
D:4:      minmay_clustersquares, layout_rooms, lemuel_doored_altar,
          minmay_goblin_kobold_house
D:5:      layout_rooms, basic_altar, lemuel_flamethrower_2, uniq_prince_ribbit1
D:6:      layout_basic, basic_altar, serial_shops, shop, grunt_ministairs_2
D:7:      layout_cave_pools, minitemple, temple_pool_b, uniq_maggie,
          uniq_menkaure
D:8:      layout_cave_pools, marbit_many_paths, special_room
          [special_room_kobold], hangedman_pestilent_swarm, uniq_pikel,
          uniq_grum
D:9:      layout_cave_pools, serial_shops,
          nicolae_shop_competitors_out_of_business, serial_ice, serial_ice_l,
          serial_ice_b, serial_ice_c, serial_ice_n
D:10:     layout_irregular_city, david_lair_shrubbed, uniq_maurice, uniq_harold
Lair:1:   layout_small_grid
Lair:2:   layout_regular_city, spider_nest_entry_rubble, grunt_megastairs_2,
          minmay_lair_oklob_chamber, infiniplex_staircase_pool
Lair:3:   layout_loops_ring
Lair:4:   layout_regular_city, minmay_shoals_entry_beasts
Lair:5:   layout_hall_layers, lemuel_fruit_fields, grunt_megastairs_4,
          serial_bayou_shore_b, lemuel_fruit_fields
Lair:6:   hangedman_lair_caniforms_friends, layout_loops_ring,
          guppyfry_lair_end_dragon, slime_altar_1

Notes
Turn   | Place    | Note
-------+----------+-------------------------------------------
     0 | D:1      | Dracia the Troll Monk began the quest for the Orb.
     0 | D:1      | Reached XP level 1. HP: 22/22 MP: 0/0
    83 | D:1      | Reached XP level 2. HP: 29/29 MP: 1/1
   309 | D:1      | Reached XP level 3. HP: 36/36 MP: 2/2
   881 | D:2      | Reached skill level 4 in Unarmed Combat
   939 | D:2      | Reached XP level 4. HP: 42/44 MP: 3/3
  1240 | D:2      | Reached skill level 3 in Fighting
  1609 | D:3      | Noticed an ogre
  1624 | D:3      | Killed an ogre
  1625 | D:3      | Reached skill level 3 in Dodging
  1625 | D:3      | Reached XP level 5. HP: 44/53 MP: 4/4
  1663 | D:3      | Found a runed translucent gate.
  1663 | D:3      | Found a runed translucent gate.
  1663 | D:3      | Found a runed translucent gate.
  1667 | D:3      | Noticed emiel's ghost (amateur HuBe)
  1771 | D:3      | Reached skill level 5 in Unarmed Combat
  2114 | D:3      | Found a radiant altar of Vehumet.
  2153 | D:3      | Found a glowing golden altar of the Shining One.
  2382 | D:3      | Reached XP level 6. HP: 23/61 MP: 5/5
  2706 | D:4      | Found a hazy altar of Hepliaklqana.
  3073 | D:4      | Reached skill level 6 in Unarmed Combat
  3106 | D:4      | Reached XP level 7. HP: 68/68 MP: 6/6
  3232 | D:5      | Entered Level 5 of the Dungeon
  3294 | D:5      | Noticed Prince Ribbit
  3305 | D:5      | Reached skill level 4 in Fighting
  3305 | D:5      | Reached skill level 4 in Dodging
  3313 | D:5      | HP: 5/70 [Prince Ribbit (11)]
  3314 | D:5      | Killed Prince Ribbit
  3488 | D:5      | Reached skill level 7 in Unarmed Combat
  3577 | D:5      | Found a radiant altar of Vehumet.
  3851 | D:6      | Reached XP level 8. HP: 69/79 MP: 7/7
  4071 | D:6      | Found Viaruusu's General Store.
  4123 | D:6      | Found a shimmering blue altar of Sif Muna.
  4662 | D:7      | Noticed Menkaure
  4693 | D:6      | Reached skill level 8 in Unarmed Combat
  4696 | D:6      | Reached skill level 5 in Fighting
  4696 | D:6      | Reached skill level 5 in Dodging
  5092 | D:6      | Killed Menkaure
  5212 | D:7      | Reached XP level 9. HP: 85/88 MP: 8/8
  5223 | D:7      | Reached skill level 9 in Unarmed Combat
  5435 | D:7      | Noticed Maggie
  5439 | D:7      | Found a stormy altar of Qazlal.
  5450 | D:7      | Killed Maggie
  5465 | D:7      | Found a white marble altar of Elyvilon.
  5466 | D:7      | Found a burning altar of Makhleb.
  5466 | D:7      | Found a hide-covered altar of Uskayaw.
  5470 | D:7      | Found an opulent altar of Gozag.
  5471 | D:7      | Found a sparkling altar of Nemelex Xobeh.
  5507 | D:7      | You fall into a shaft and drop 2 floors!
  5531 | D:9      | Noticed a two-headed ogre
  5538 | D:9      | Killed a two-headed ogre
  5539 | D:9      | Reached skill level 6 in Fighting
  5539 | D:9      | Reached skill level 6 in Dodging
  5539 | D:9      | Reached skill level 10 in Unarmed Combat
  5765 | D:7      | Found a staircase to the Ecumenical Temple.
  5957 | D:8      | Reached XP level 10. HP: 99/100 MP: 9/9
  5985 | D:8      | Noticed Pikel
  6000 | D:8      | HP: 10/100 [Pikel/+2 whip of electrocution (18)]
  6003 | D:8      | Killed Pikel
  6145 | D:8      | Reached skill level 11 in Unarmed Combat
  6331 | D:8      | Noticed Grum
  6342 | D:8      | Killed Grum
  6343 | D:8      | Reached skill level 7 in Fighting
  6343 | D:8      | Reached skill level 7 in Dodging
  6534 | D:8      | Found an ancient bone altar of Kikubaaqudgha.
  6581 | D:8      | Noticed a two-headed ogre
  6589 | D:8      | Killed a two-headed ogre
  6690 | D:8      | Paralysed by a hornet for 3 turns
  6977 | D:9      | Reached skill level 12 in Unarmed Combat
  6989 | D:9      | Found Olimoam's Antique Armour Emporium.
  7006 | D:9      | Bought a masterwork hat for 270 gold pieces
  7008 | D:9      | Identified the +0 hat of Egalitarianism {rC++ Slay-6} (You
                  | bought it in a shop on level 9 of the Dungeon)
  7333 | D:10     | Entered Level 10 of the Dungeon
  7360 | D:10     | Noticed Maurice
  7366 | D:10     | Killed Maurice
  7423 | D:10     | Found a staircase to the Orcish Mines.
  7427 | D:10     | Reached XP level 11. HP: 109/109 MP: 10/10
  7444 | D:10     | Noticed a two-headed ogre
  7457 | D:10     | Killed a two-headed ogre
  7580 | D:10     | Found a staircase to the Lair.
  7723 | D:10     | Noticed a two-headed ogre
  7730 | D:10     | Killed a two-headed ogre
  7731 | D:10     | Reached skill level 8 in Fighting
  7731 | D:10     | Reached skill level 8 in Dodging
  8031 | D:10     | Noticed a two-headed ogre
  8069 | D:10     | Killed a two-headed ogre
  8070 | D:10     | Reached skill level 2 in Evocations
  8207 | D:10     | Noticed Harold
  8243 | D:10     | Killed Harold
  8244 | D:10     | Reached skill level 3 in Evocations
  8273 | D:10     | Noticed a two-headed ogre
  8278 | D:10     | Killed a two-headed ogre
  8279 | D:10     | Reached skill level 4 in Evocations
  8673 | D:10     | Gained mutation: You expend magic power (3 MP) to
                  | strengthen your wands. [potion of mutation]
  8673 | D:10     | Gained mutation: You are strong-willed. (Will+) [potion of
                  | mutation]
  8673 | D:10     | Gained mutation: You possess an exceptional clarity of
                  | mind. [potion of mutation]
  8782 | Lair:1   | Entered Level 1 of the Lair of Beasts
  8804 | D:10     | Reached skill level 5 in Evocations
  9103 | Lair:1   | Reached XP level 12. HP: 82/119 MP: 11/11
  9575 | Lair:1   | Reached skill level 6 in Evocations
 10052 | Lair:2   | Reached skill level 7 in Evocations
 10538 | Lair:2   | Found a hole to the Spider Nest.
 10574 | Lair:2   | Reached skill level 8 in Evocations
 10673 | Lair:2   | Noticed a catoblepas
 10736 | Lair:2   | Killed a catoblepas
 11343 | Lair:4   | Noticed a five-headed hydra
 11350 | Lair:4   | Killed a five-headed hydra
 11357 | Lair:4   | Reached skill level 9 in Evocations
 12155 | Lair:4   | Reached XP level 13. HP: 62/127 MP: 12/12
 12350 | Lair:5   | Reached skill level 10 in Evocations
 12387 | Lair:6   | Entered Level 6 of the Lair of Beasts
 12391 | Lair:6   | Reached skill level 13 in Unarmed Combat
 12426 | Lair:5   | HP: 10/127 [black mamba (5)]
 12429 | Lair:5   | Reached skill level 1 in Armour
 12432 | Lair:5   | HP: 9/127 [poisoned by a black mamba]
 12438 | Lair:5   | HP: 9/127 [poisoned by a black mamba]
 12444 | Lair:5   | HP: 10/127 [poisoned by a black mamba]
 12571 | Lair:5   | Mangled by a boulder beetle

Vanquished Creatures
  Harold (D:10)
  A catoblepas (Lair:2)
  A hydra (Lair:4)
  6 two-headed ogres
  A death yak (Lair:6)
  Pikel (D:8)
  Maurice (D:10)
  5 black mambas
  8 elephants
  6 cane toads
  Maggie (D:7)
  A kobold demonologist (D:8)
  A rime drake (Lair:2)
  4 komodo dragons
  A troll (D:10)
  2 hornets (D:8)
  Prince Ribbit (D:5)
  6 blink frogs (Lair:4)
  A redback (Lair:2)
  29 yaks
  A wraith (D:10)
  2 basilisks
  A steam dragon (Lair:4)
  Grum (D:8)
  Menkaure (D:6)
  7 water moccasins
  A soldier ant (D:8)
  A phantom (D:8)
  A black bear (D:8)
  3 orc warriors
  2 ice beasts
  6 ogres
  11 wolves
  2 centaurs
  A necrophage (D:6)
  4 lemures (D:8)
  6 big kobolds
  10 bullfrogs
  A gnoll sergeant (D:10)
  A wyvern zombie (D:3)
  A scorpion (D:6)
  8 killer bees
  4 howler monkeys
  8 wights (D:9)
  3 centaur zombies
  3 hounds
  An orc priest (D:7)
  10 orc wizards
  2 bullfrog skeletons
  2 centaur skeletons
  An iguana (D:7)
  5 worker ants
  2 hound zombies
  A hound skeleton (D:9)
  A howler monkey zombie (D:6)
  12 adders
  9 gnolls
  A shadow imp (D:7)
  A hound simulacrum (D:9)
  3 white imps
  A worker ant simulacrum (D:9)
  An ufetubus (D:9)
  An ooze (D:5)
  2 worms
  3 dart slugs
  10 leopard geckos
  40 orcs
  5 giant cockroaches
  6 goblins
  9 hobgoblins
  4 jackals (D:9)
  7 quokkas
  3 ball pythons
  A ball python skeleton (D:4)
  13 bats
  8 frilled lizards
  A giant cockroach zombie (D:5)
  23 kobolds
  A quokka skeleton (D:10)
  14 rats
372 creatures vanquished.

Vanquished Creatures (others)
  11 fungi
  50 plants
61 creatures vanquished.

Grand Total: 433 creatures vanquished

Table legend: (Time is in decaauts)
 A = Elapsed time spent in this place.
 B = Non-inter-level travel time spent in this place.
 C = Inter-level travel time spent in this place.
 D = Time resting spent in this place.
 E = Time spent auto-exploring this place.
 F = Levels seen in this place.
 G = Mean time per level.
                   A        B        C        D        E       F      G
               +--------+--------+--------+--------+--------+-----+--------+
         Total |  12387 |  12036 |    351 |   2398 |   7365 |  16 |  774.2 |
       Dungeon |   8727 |   8441 |    286 |   1577 |   5123 |  10 |  872.7 |
          Lair |   3659 |   3594 |     65 |    821 |   2242 |   6 |  609.8 |
               +--------+--------+--------+--------+--------+-----+--------+

Top non-repeatable levels by time:
    D:10: 1499 daAuts
  Lair:2: 1311 daAuts
     D:6: 1310 daAuts
  Lair:1: 1064 daAuts
     D:3: 1006 daAuts
     D:8: 957 daAuts
  Lair:4: 894 daAuts
     D:2: 857 daAuts
     D:1: 740 daAuts
     D:9: 664 daAuts
     D:5: 604 daAuts
     D:4: 603 daAuts
     D:7: 482 daAuts
  Lair:5: 287 daAuts
  Lair:3: 63 daAuts

Table legend:
 A = Non-vault XP
 B = Vault XP
 C = Vault XP percentage of total XP
 D = Non-vault monster count
 E = Vault monster count
 F = Vault count percentage of total count
                 A         B        C        D         E       F
            +---------+---------+-------+---------+---------+-------
      Total |   33206 |    7622 |  18.7 |     311 |      57 |  15.5
            +---------+---------+-------+---------+---------+-------
        D:1 |      54 |       6 |  10.0 |      31 |       4 |  11.4
        D:2 |      68 |       0 |   0.0 |      18 |       0 |   0.0
        D:3 |     322 |      15 |   4.5 |      31 |       2 |   6.1
        D:4 |     239 |      69 |  22.4 |      10 |      14 |  58.3
        D:5 |     284 |     274 |  49.1 |      16 |       1 |   5.9
        D:6 |     885 |     288 |  24.6 |      30 |       2 |   6.2
        D:7 |     753 |     389 |  34.1 |      25 |       1 |   3.8
        D:8 |    2299 |    2201 |  48.9 |      20 |      15 |  42.9
        D:9 |    1696 |     595 |  26.0 |      27 |       8 |  22.9
       D:10 |    8583 |    1829 |  17.6 |      42 |       3 |   6.7
     Lair:1 |    3086 |       0 |   0.0 |      17 |       0 |   0.0
     Lair:2 |    4608 |    1956 |  29.8 |      13 |       7 |  35.0
     Lair:4 |    7243 |       0 |   0.0 |      23 |       0 |   0.0
     Lair:5 |    1467 |       0 |   0.0 |       4 |       0 |   0.0
     Lair:6 |    1619 |       0 |   0.0 |       4 |       0 |   0.0
            +---------+---------+-------+---------+---------+-------
